Map: Glittering Ashes LE

Players

Pandemic - Winner!

  • Race: Terran Terran
  • League: Platinum

wdboct

  • Race: Terran Terran
  • League: Gold

VOD

Have the link to the VOD?

Description

Time

  • Played on: Oct. 21, 2021, 12:57 p.m.
  • Length: 6:24
Show
View Real Time Build Order
Export as new Build Order

Pandemic Terran - Winner!

Build Orders: Reaper Expand 

Get SALT Encoding   

  12  0:00  SCV  
  13  0:12  SCV  
  14  0:17  Supply Depot  
  14  0:24  SCV  
  15  0:38  SCV  
  15  0:39  Barracks  
  16  0:46  Refinery  
  16  0:50  SCV  
  17  1:02  SCV  
  18  1:15  SCV  
  19  1:27  Orbital Command  
  19  1:29  Reaper  
  20  1:47  Command Center  
  20  1:53  Supply Depot  
  20  2:02  SCV  
  20  2:12  Barracks Reactor  
  20  2:14  SCV  
  21  2:26  SCV  
  22  2:30  Bunker  
  22  2:38  SCV  
  22  2:42  Factory  
  23  2:44  Refinery  
  23  2:49  Marine x2  
  23  2:50  SCV  
  26  3:02  SCV  
  27  3:07  Marine x2  
  28  3:24  Marine x2  
  30  3:27  Barracks  
  30  3:28  Factory Tech Lab  
  30  3:35  SCV  
  31  3:41  Orbital Command, Starport  
  31  3:42  Marine x2  
  31  3:47  SCV  
  34  3:48  Siege Tank  
  35  4:00  SCV  
  33  4:06  Marine x2  
  32  4:10  Orbital Command  
  30  4:18  SCV  
  30  4:30  Marine x2, SCV  
  30  4:35  SCV  
  30  4:42  SCV  
  31  4:47  SCV  
  32  4:54  SCV  
  32  4:58  Marine x2  
  32  4:59  SCV  
  36  5:05  Siege Tank  
  36  5:06  SCV  
  40  5:11  SCV  
  41  5:15  Marine  
  41  5:16  Marine  
  41  5:18  SCV  
  44  5:23  SCV  
  45  5:30  SCV  
  45  5:33  Marine  
  44  5:37  Marine x2  
  46  5:53  Supply Depot x2  
  46  6:01  Supply Depot  
  46  6:10  SCV  
Show
View Real Time Build Order
Export as new Build Order

wdboct Terran 

Build Orders:  

Get SALT Encoding   

  12  0:00  SCV  
  13  0:13  Refinery  
  13  0:24  Supply Depot  
  13  0:47  Barracks  
  13  0:51  SCV  
  14  1:03  Barracks, SCV  
  15  1:15  SCV  
  16  1:29  SCV  
  17  1:37  Supply Depot  
  17  1:42  Reaper  
  18  1:47  Orbital Command  
  18  2:05  Barracks  
  18  2:09  Reaper  
  18  2:14  Reaper  
  18  2:15  SCV  
  21  2:28  SCV  
  22  2:41  Reaper  
  23  2:46  Reaper  
  24  2:57  Refinery  
  24  3:13  Reaper  
  24  3:14  Factory  
  25  3:24  SCV  
  26  3:29  Reaper  
  27  3:41  Reaper  
  26  4:24  Reaper x3  
  28  4:43  Factory Tech Lab  
  28  4:55  Command Center  
  28  4:57  Refinery  
  28  4:58  Barracks Reactor x2  
  28  5:00  Starport  
  28  5:03  Supply Depot  
  28  5:04  Barracks Tech Lab  
  28  5:12  SCV  
  29  5:24  SCV  
  24  5:39  Marine  
  24  5:40  Bunker, Marine x4  
  24  5:41  Siege Tank  
  30  5:43  Starport Reactor  
  30  5:49  SCV  
  31  5:57  Marine x3  
  31  5:59  Marine  
  31  6:00  Marine  
  31  6:01  SCV  
Tags
 
Add a new tag
Caveats
  • Supply blocks, unpowered buildings, or Contaminate may cause inaccurate times.
  • Supply counts are checked every 10 seconds.